Map: Magma Mines

Players

Volwerine

  • Race: Zerg Zerg
  • Spawn Location: 3:00

Abwehr

  • Race: Zerg Zerg
  • League: Gold
  • Spawn Location: 1:00

Loken - Winner!

  • Race: Protoss Protoss
  • League: Platinum
  • Spawn Location: 11:00

dallaskuken - Winner!

  • Race: Protoss Protoss
  • League: Platinum
  • Spawn Location: 9:00

VOD

Have the link to the VOD?

Description

Time

  • Played on: April 6, 2017, 6:35 a.m.
  • Length: 8:33
Show
View Real Time Build Order
Export as new Build Order

Volwerine Zerg 

Build Orders: Pool First 

Get SALT Encoding   

  12  0:02  Drone  
  13  0:08  Drone  
  14  0:19  Overlord  
  14  0:37  Spawning Pool, Drone  
  14  0:42  Drone  
  15  0:46  Drone  
  16  0:51  Drone  
  17  0:58  Extractor  
  16  1:04  Drone  
  16  1:10  Drone  
  18  1:21  Drone  
  19  1:27  Roach Warren  
  19  1:28  Queen  
  20  1:33  Drone  
  21  1:45  Drone  
  22  1:51  Extractor  
  21  2:03  Hatchery  
  21  2:07  Drone  
  21  2:08  Drone  
  22  2:18  Overlord  
  22  2:23  Lair  
  22  2:36  Drone  
  23  2:38  Roach  
  23  2:42  Drone x2  
  27  2:46  Roach  
  29  2:55  Overlord  
  29  3:02  Drone  
  30  3:14  Roach x3  
  30  3:18  Drone  
  37  3:23  Glial Reconstitution  
  37  3:28  Roach  
  37  3:32  Roach  
  41  3:42  Roach  
  41  3:44  Drone  
  44  4:00  Overlord x3  
  44  4:10  Spine Crawler  
  44  4:14  Overseer  
  43  4:21  Queen  
  43  4:22  Drone x2  
  43  4:23  Drone  
  48  4:26  Extractor  
  48  4:28  Extractor  
  48  4:30  Drone x2  
  48  4:37  Drone, Hydralisk Den  
  48  4:42  Drone  
  49  4:58  Spore Crawler x2  
  47  5:04  Roach x3  
  53  5:11  Hydralisk  
  53  5:12  Hydralisk  
  57  5:17  Drone x2  
  59  5:23  Muscular Augments  
  60  5:42  Ravager  
  60  5:43  Ravager  
  42  6:10  Roach x5  
  42  6:11  Roach x3  
  53  6:13  Zergling x2  
  52  6:20  Drone x2  
  42  6:40  Hydralisk x2  
  39  6:52  Roach  
  35  7:00  Hydralisk  
Show
View Real Time Build Order
Export as new Build Order

Abwehr Zerg 

Build Orders: Hatch First, Swarm Host 

Get SALT Encoding   

  12  0:09  Drone  
  12  0:10  Drone  
  14  0:18  Overlord  
  14  0:41  Drone x2  
  16  0:44  Drone  
  17  1:02  Hatchery  
  16  1:08  Extractor  
  15  1:13  Drone  
  15  1:15  Spawning Pool  
  15  1:17  Drone  
  16  1:20  Drone  
  18  1:25  Drone  
  18  1:36  Extractor  
  18  1:38  Drone  
  18  2:01  Drone x2  
  18  2:03  Queen  
  22  2:09  Overlord  
  22  2:20  Drone  
  22  2:21  Queen  
  25  2:25  Metabolic Boost  
  25  2:28  Zergling x2  
  26  2:31  Zergling x2  
  27  2:40  Lair  
  27  2:43  Zergling x2  
  28  2:45  Zergling x2  
  29  2:56  Zergling x6  
  32  3:04  Zergling x4  
  34  3:09  Drone  
  35  3:17  Zergling x2  
  35  3:18  Overlord x2  
  36  3:37  Spore Crawler  
  36  3:41  Drone  
  36  3:43  Drone  
  36  3:46  Zergling x12  
  42  3:59  Zergling x4  
  42  4:00  Zergling x4  
  46  4:12  Spire  
  46  4:13  Drone  
  46  4:19  Extractor  
  46  4:20  Extractor  
  46  4:23  Drone x4  
  48  4:27  Zergling x2  
  48  4:28  Zergling x2  
  50  4:44  Drone  
  50  4:45  Overlord x2  
  50  5:11  Drone  
  44  5:38  Corruptor x4  
  44  5:39  Corruptor x3  
  51  5:51  Corruptor x2  
  48  6:06  Infestation Pit  
  47  6:12  Drone  
  48  6:32  Zergling x8  
  52  6:33  Zergling x4  
  54  7:00  Swarm Host x4  
  58  7:19  Spine Crawler  
  58  7:20  Spine Crawler x2  
  58  7:21  Spine Crawler  
  54  7:24  Spine Crawler  
  51  7:45  Zergling x12  
  51  7:46  Zergling x6  
Show
View Real Time Build Order
Export as new Build Order

Loken Protoss - Winner!

Build Orders: 1 Gate Expand, Blink Stalkers 

Get SALT Encoding   

  12  0:01  Probe (Chrono Boost)  
  13  0:11  Probe (Chrono Boost)  
  14  0:22  Probe (Chrono Boost)  
  14  0:24  Pylon  
  16  0:43  Probe (Chrono Boost)  
  16  0:44  Gateway  
  16  0:53  Probe (Chrono Boost)  
  17  1:05  Probe (Chrono Boost)  
  18  1:14  Nexus  
  18  1:18  Probe (Chrono Boost)  
  18  1:23  Assimilator  
  19  1:36  Cybernetics Core  
  19  1:42  Gateway  
  19  1:47  Assimilator  
  19  1:49  Probe (Chrono Boost)  
  20  1:56  Pylon  
  20  1:59  Probe (Chrono Boost)  
  21  2:12  Stalker  
  21  2:15  Probe (Chrono Boost)  
  24  2:25  Probe (Chrono Boost)  
  26  2:30  Probe (Chrono Boost)  
  26  2:34  Warp Gate  
  26  2:36  Probe (Chrono Boost)  
  27  2:40  Probe (Chrono Boost)  
  28  2:46  Probe (Chrono Boost)  
  28  2:47  Stalker  
  28  2:48  Stalker  
  33  2:57  Probe (Chrono Boost)  
  34  3:00  Probe (Chrono Boost)  
  35  3:07  Twilight Council  
  35  3:11  Pylon, Probe (Chrono Boost)  
  36  3:13  Probe (Chrono Boost)  
  37  3:21  Stalker x2, Probe (Chrono Boost)  
  37  3:24  Probe (Chrono Boost)  
  43  3:34  Probe (Chrono Boost)  
  43  3:35  Probe (Chrono Boost)  
  45  3:50  Blink  
  45  3:58  Gateway  
  45  4:00  Gateway  
  45  4:03  Gateway  
  45  4:05  Gateway  
  45  4:09  Gateway  
  45  4:12  Gateway  
  45  4:19  Probe (Chrono Boost)  
  45  4:20  Pylon  
  45  4:21  Probe (Chrono Boost)  
  47  4:25  Pylon  
  47  4:30  Probe (Chrono Boost)  
  48  4:31  Pylon  
  48  4:32  Probe (Chrono Boost)  
  49  5:03  Probe (Chrono Boost)  
  50  5:12  Stalker x4, Assimilator  
  50  5:13  Stalker x4  
  66  5:16  Assimilator  
  66  5:24  Pylon  
  66  5:43  Stalker x4  
  66  5:47  Zealot x4  
  78  6:13  Stalker x3  
  78  6:14  Zealot  
  86  6:20  Pylon  
  86  6:22  Pylon  
  86  6:26  Pylon  
  82  6:47  Stalker  
  82  6:48  Stalker x3  
  82  6:50  Zealot x2  
  82  6:51  Zealot x2  
  98  7:08  Nexus  
  98  7:47  Pylon  
  98  7:48  Pylon  
  98  7:49  Pylon  
  96  7:54  Pylon  
Show
View Real Time Build Order
Export as new Build Order

dallaskuken Protoss - Winner!

Build Orders: Oracle Opening 

Get SALT Encoding   

  12  0:01  Probe (Chrono Boost)  
  13  0:11  Probe (Chrono Boost)  
  14  0:19  Pylon  
  14  0:33  Probe (Chrono Boost)  
  15  0:40  Gateway  
  15  0:44  Probe (Chrono Boost)  
  16  0:54  Probe (Chrono Boost)  
  16  1:05  Probe (Chrono Boost)  
  17  1:15  Pylon  
  17  1:19  Pylon  
  17  1:22  Assimilator  
  17  1:25  Probe (Chrono Boost)  
  18  1:33  Cybernetics Core  
  18  1:39  Probe (Chrono Boost)  
  19  1:40  Zealot  
  21  1:51  Assimilator  
  21  1:58  Pylon  
  21  2:01  Probe (Chrono Boost)  
  22  2:11  Probe (Chrono Boost)  
  22  2:14  Stalker  
  25  2:29  Mothership Core (Chrono Boost)  
  27  2:30  Warp Gate  
  27  2:50  Probe (Chrono Boost)  
  28  3:01  Probe (Chrono Boost)  
  29  3:08  Stargate  
  29  3:11  Adept, Probe (Chrono Boost)  
  33  3:27  Probe (Chrono Boost)  
  33  3:34  Gateway  
  33  3:35  Gateway  
  33  3:39  Probe (Chrono Boost)  
  33  3:40  Gateway  
  34  3:51  Oracle, Probe (Chrono Boost)  
  38  4:08  Sentry  
  40  4:40  Stalker x3  
  46  4:53  Pylon  
  46  4:55  Pylon  
  43  5:05  Void Ray  
  47  5:13  Zealot x2  
  51  5:14  Sentry  
  51  5:17  Zealot  
  41  6:10  Stalker x4  
  49  6:16  Void Ray  
  53  6:31  Nexus  
  53  6:33  Pylon  
  53  6:35  Pylon  
  53  6:47  Stalker  
  47  7:21  Stalker x2  
  47  7:22  Stalker x2  
  47  7:44  Phoenix  
  47  7:48  Pylon  
  47  7:50  Pylon  
  49  7:51  Pylon  
  51  8:17  Stalker x4  
Tags
 
Add a new tag
Caveats
  • Supply blocks, unpowered buildings, or Contaminate may cause inaccurate times.
  • Supply counts are checked every 10 seconds.